 Dungeon Crawl Stone Soup version 0.21.1-1-g345015fe64 (webtiles) character file.

156 Ablot the Twirler (level 5, -1/43 HPs)
             Began as a Gnoll Wanderer on July 23, 2018.
             Was an Initiate of Elyvilon.
             Killed from afar by an orc wizard (5 damage)
             ... with a magic dart
             ... on level 4 of the Dungeon.
             The game lasted 00:12:06 (2839 turns).

Ablot the Twirler (Gnoll Wanderer)                  Turns: 2839, Time: 00:12:06

Health: -1/43      AC:  5    Str: 13    XL:     5   Next: 37%
Magic:  16/16      EV: 11    Int: 17    God:    Elyvilon [......]
Gold:   121        SH:  0    Dex: 14    Spells: 6/6 levels left

rFire    . . .     SeeInvis .   a - +2 quarterstaff
rCold    . . .     Gourm    .   (shield currently unavailable)
rNeg     . . .     Faith    .   o - +0 leather armour
rPois    .         Spirit   .   (no helmet)
rElec    .         Reflect  .   u - +0 cloak
rCorr    .         Harm     .   n - +0 pair of gloves
MR       .....                  (no boots)
Stlth    +++.......             (no amulet)
HPRegen  0.14/turn              h - ring of stealth
MPRegen  0.15/turn              y - ring of magical power

@: no status effects
A: distributed training, fangs 1, strong nose
a: Renounce Religion


You were on level 4 of the Dungeon.
You worshipped Elyvilon.
Elyvilon was noncommittal.
You were not hungry.

You visited 2 branches of the dungeon, and saw 5 of its levels.

You collected 121 gold pieces.

Inventory:

Hand Weapons
 a - a +2 quarterstaff (weapon)
 d - a +0 blowgun
 t - a +2 quarterstaff of chaos
 z - a +0 dagger of venom
 A - a +2 whip of venom
Missiles
 c - 39 poisoned needles
 j - 6 needles of confusion
 r - 71 arrows
Armour
 n - a +0 pair of gloves (worn)
 o - a +0 leather armour (worn)
 u - a +0 cloak (worn)
Jewellery
 h - a ring of stealth (left hand)
 q - an uncursed ring of flight
 y - a ring of magical power (right hand)
Scrolls
 k - 3 scrolls of remove curse
 l - 2 scrolls of blinking {unknown}
 m - a scroll of identify {unknown}
 v - 2 scrolls of fog {unknown}
 x - a scroll of noise {unknown}
 B - a scroll of random uselessness {unknown}
Potions
 b - a potion of lignification
 e - a potion of brilliance {unknown}
 i - a potion of magic {unknown}
 p - a potion of mutation {unknown}
 s - a potion of agility {unknown}
 w - 2 potions of invisibility {unknown}
 C - a potion of curing {unknown}
Comestibles
 f - 5 rations


   Skills:
 + Level 4.7 Fighting
 + Level 1.4 Short Blades
 + Level 1.4 Long Blades
 + Level 1.4 Axes
 + Level 1.4 Maces & Flails
 + Level 1.4 Polearms
 + Level 6.7 Staves
 + Level 1.4 Slings
 + Level 1.4 Bows
 + Level 1.4 Crossbows
 + Level 4.7 Throwing
 + Level 1.4 Armour
 + Level 1.4 Dodging
 + Level 1.4 Stealth
 + Level 1.4 Shields
 + Level 1.4 Unarmed Combat
 + Level 1.4 Spellcasting
 + Level 1.1 Conjurations
 + Level 3.9 Hexes
 + Level 1.1 Charms
 + Level 1.1 Summonings
 + Level 2.3 Necromancy
 + Level 1.1 Translocations
 + Level 1.1 Transmutations
 + Level 1.1 Fire Magic
 + Level 1.1 Ice Magic
 + Level 1.1 Air Magic
 + Level 1.1 Earth Magic
 + Level 1.1 Poison Magic
 + Level 1.6 Invocations
 + Level 1.4 Evocations


You had 6 spell levels left.
You didn't know any spells.

Dungeon Overview and Level Annotations

Branches:
Dungeon (4/15)             Temple (1/1) D:4

Altars:
Ashenzari
Dithmenos
Elyvilon
Gozag
Makhleb
Nemelex Xobeh
Okawaru
Qazlal
Sif Muna
Trog
Uskayaw
Vehumet
Wu Jian
Xom
Zin
The Shining One

Shops:
D:4 =


Innate Abilities, Weirdness & Mutations

Your experience applies equally to all skills.
You have very sharp teeth.
Your uncanny sense of smell can sniff out nearby items.


Message History

The orc wizard blinks!
The orc hits you with a mace!
A worker ant comes into view.
You completely miss the orc wizard.
The orc wizard hits you with a dagger. x2
The orc closely misses you.
You sock the orc wizard!
The orc wizard is heavily wounded.
The orc wizard completely misses you.
The orc wizard hits you but does no damage.
An ogre comes into view. It is wielding a giant club.
You closely miss the orc wizard.
The ogre shouts!
You bite the orc wizard, but do no damage.
The orc wizard is heavily wounded.
The orc misses you.
The orc wizard points at you and mumbles some strange words.
The magic dart hits you!
* * * LOW HITPOINT WARNING * * *
The orc wizard points at you and mumbles some strange words.
The magic dart hits you!
You die...

#.##≈≈≈§≈≈≈...# .#
#...≈§≈>≈§≈..####.#.
...
#...≈§≈§≈§≈.........
... #....≈≈§≈≈......#.#
..#
......≈≈≈..#....#.#.a.#
..........##....#.#...
......###.###...#...
...... ...∆#.o.#o#
...... .#.###.?o@o#
.### #.._. #.........#
# #.# #..####O.... ∆...
#..# ..## #..# .# ...#
# ...? ...


You could see an ogre, a worker ant, 3 orc wizards and an orc.

Vanquished Creatures
  Crazy Yiuf (D:2)
  3 adders (D:3)
  An ooze (D:2)
  5 worms
  2 leopard geckos
  2 orcs (D:3)
  8 giant cockroaches
  8 goblins
  11 hobgoblins
  4 jackals (D:1)
  3 quokkas
  8 bats
  5 frilled lizards
  7 kobolds
  7 rats
75 creatures vanquished.

Notes
Turn   | Place    | Note
-------+----------+-------------------------------------------
     0 | D:1      | Ablot the Gnoll Wanderer began the quest for the Orb.
     0 | D:1      | Ablot set off with: a +2 quarterstaff, a potion of lignification, 10 poisoned needles, a +0 blowgun, a +0 robe, a ration
     0 | D:1      | Reached XP level 1. HP: 20/20 MP: 1/1
   161 | D:1      | Reached XP level 2. HP: 26/26 MP: 2/2
   427 | D:1      | Reached XP level 3. HP: 21/31 MP: 3/3
   866 | D:2      | Reached skill level 1 in Invocations
  1476 | D:2      | Found a deep blue altar of Sif Muna.
  1478 | D:2      | Reached skill level 1 in Short Blades
  1478 | D:2      | Reached skill level 1 in Long Blades
  1478 | D:2      | Reached skill level 1 in Axes
  1478 | D:2      | Reached skill level 1 in Maces & Flails
  1478 | D:2      | Reached skill level 1 in Polearms
  1478 | D:2      | Reached skill level 1 in Slings
  1478 | D:2      | Reached skill level 1 in Bows
  1478 | D:2      | Reached skill level 1 in Crossbows
  1478 | D:2      | Reached skill level 1 in Armour
  1478 | D:2      | Reached skill level 1 in Dodging
  1478 | D:2      | Reached skill level 1 in Stealth
  1478 | D:2      | Reached skill level 1 in Shields
  1478 | D:2      | Reached skill level 1 in Unarmed Combat
  1478 | D:2      | Reached skill level 1 in Spellcasting
  1478 | D:2      | Reached skill level 1 in Evocations
  1478 | D:2      | Reached XP level 4. HP: 31/38 MP: 5/5
  1606 | D:2      | Found a runed door.
  1610 | D:2      | Noticed Crazy Yiuf
  1616 | D:2      | Killed Crazy Yiuf
  1694 | D:2      | Reached skill level 1 in Conjurations
  1694 | D:2      | Reached skill level 1 in Charms
  1694 | D:2      | Reached skill level 1 in Summonings
  1694 | D:2      | Reached skill level 1 in Translocations
  1694 | D:2      | Reached skill level 1 in Transmutations
  1694 | D:2      | Reached skill level 1 in Fire Magic
  1694 | D:2      | Reached skill level 1 in Ice Magic
  1694 | D:2      | Reached skill level 1 in Air Magic
  1694 | D:2      | Reached skill level 1 in Earth Magic
  1694 | D:2      | Reached skill level 1 in Poison Magic
  1927 | D:3      | Found a radiant altar of Vehumet.
  1977 | D:3      | Reached XP level 5. HP: 43/43 MP: 6/6
  2133 | D:3      | Found a sparkling altar of Nemelex Xobeh.
  2546 | D:4      | Found Usoosat's Jewellery Emporium.
  2561 | D:4      | Found a staircase to the Ecumenical Temple.
  2574 | Temple   | Entered the Ecumenical Temple
  2796 | Temple   | Became a worshipper of Elyvilon the Healer
  2822 | D:4      | Found an opulent altar of Gozag.
  2839 | D:4      | Noticed an ogre
  2839 | D:4      | Killed from afar by an orc wizard

Skill      XL: |  1  2  3  4 |
---------------+-------------+-----
Necromancy     | 2 |  2.3
Invocations    | 1 |  1.6
Short Blades   | 1 |  1.4
Long Blades    | 1 |  1.4
Axes           | 1 |  1.4
Maces & Flails | 1 |  1.4
Polearms       | 1 |  1.4
Slings         | 1 |  1.4
Bows           | 1 |  1.4
Crossbows      | 1 |  1.4
Armour         | 1 |  1.4
Dodging        | 1 |  1.4
Stealth        | 1 |  1.4
Shields        | 1 |  1.4
Unarmed Combat | 1 |  1.4
Spellcasting   | 1 |  1.4
Evocations     | 1 |  1.4
Conjurations   | 1 |  1.1
Charms         | 1 |  1.1
Summonings     | 1 |  1.1
Translocations | 1 |  1.1
Transmutations | 1 |  1.1
Fire Magic     | 1 |  1.1
Ice Magic      | 1 |  1.1
Air Magic      | 1 |  1.1
Earth Magic    | 1 |  1.1
Poison Magic   | 1 |  1.1
Fighting       | |  4.7
Staves         | |  6.7
Throwing       | |  4.7
Hexes          | |  3.9

Action                   |  1- 3 |  4- 6 || total
-------------------------+-------+-------++-------
Melee: Quarterstaff      |   110 |    82 ||   192
       Bite              |     7 |     5 ||    12
  Use: Scroll            |       |     1 ||     1
 Stab: Sleeping          |     2 |     3 ||     5
  Eat: Chunk             |     2 |     4 ||     6
Armor: Robe              |    12 |       ||    12
       Leather armour    |    12 |    25 ||    37
Dodge: Dodged            |    66 |    46 ||   112
